[ AOE2 MATCH · #468329301 ]
UnrankedTeutons vs Burmese
[ REPLAY ANALYSIS · EXTRACTED FROM THE RECORDED GAME ]
Feudal
10:57
Castle
16:08
Imperial
—
| APM avg | 24.9 |
| APM peak | 48 |
| eAPM avg | 15.5 |
| Villagers / military | 70 / 8 |
Focus
⚔️ 10.2% · 🌾 89.8%
Teutonic Knight ×8
Feudal
10:31
Castle
14:12
Imperial
—
| APM avg | 44.8 |
| APM peak | 89 |
| eAPM avg | 20.8 |
| Villagers / military | 62 / 42 |
Focus
⚔️ 34.2% · 🌾 65.8%
Monk ×20 · Spearman ×13 · Scorpion ×7 · Battering Ram ×2
Feudal
10:39
Castle
14:29
Imperial
—
| APM avg | 22.2 |
| APM peak | 51 |
| eAPM avg | 15.4 |
| Villagers / military | 85 / 17 |
Focus
⚔️ 15.2% · 🌾 84.8%
Knight ×9 · Scout Cavalry ×6 · Scorpion ×2
Feudal
11:44
Castle
15:30
Imperial
—
| APM avg | 33.2 |
| APM peak | 84 |
| eAPM avg | 19.1 |
| Villagers / military | 57 / 18 |
Focus
⚔️ 41.7% · 🌾 58.3%
Throwing Axeman ×14 · Mangonel ×2 · Battering Ram ×2
Match map
Initial resources + every placement click. Lines = walls · curves = elevation contours. ◆ gold · ⬟ stone · ● berries · ✦ relic · ◌ wall gap
Inputs per minute
— Bill Flounder - - CQ.SeMuR III el conquistador
Build order — Bill Flounder
First 150 of 165 actions detected
| 0:01 | Create | Villager (Male) |
| 0:02 | Create | Villager (Male) |
| 0:02 | Create | Villager (Male) |
| 0:03 | Build | House |
| 0:05 | Build | House |
| 0:12 | Create | Villager (Male) |
| 0:12 | Create | Villager (Male) |
| 1:26 | Create | Villager (Male) |
| 1:26 | Create | Villager (Male) |
| 1:49 | Build | Lumber Camp |
| 2:00 | Create | Villager (Male) |
| 2:01 | Create | Villager (Male) |
| 2:22 | Create | Villager (Male) |
| 2:23 | Create | Villager (Male) |
| 2:49 | Create | Villager (Male) |
| 2:49 | Create | Villager (Male) |
| 3:03 | Create | Villager (Male) |
| 3:04 | Create | Villager (Male) |
| 3:34 | Create | Villager (Male) |
| 3:34 | Create | Villager (Male) |
| 3:50 | Build | House |
| 3:54 | Build | House |
| 3:58 | Create | Villager (Male) |
| 3:59 | Create | Villager (Male) |
| 4:31 | Create | Villager (Male) |
| 4:31 | Create | Villager (Male) |
| 4:41 | Build | Mill |
| 5:02 | Create | Villager (Male) |
| 5:02 | Create | Villager (Male) |
| 5:03 | Create | Villager (Male) |
| 5:24 | Create | Villager (Male) |
| 5:24 | Create | Villager (Male) |
| 5:48 | Create | Villager (Male) |
| 5:49 | Create | Villager (Male) |
| 6:27 | Build | Farm |
| 6:28 | Build | Farm |
| 6:29 | Build | Farm |
| 6:31 | Create | Villager (Male) |
| 6:31 | Create | Villager (Male) |
| 6:47 | Create | Villager (Male) |
| 6:47 | Create | Villager (Male) |
| 6:58 | Create | Villager (Male) |
| 6:58 | Create | Villager (Male) |
| 6:58 | Create | Villager (Male) |
| 6:59 | Create | Villager (Male) |
| 6:59 | Create | Villager (Male) |
| 7:38 | Build | Mill |
| 8:30 | Research | Feudal Age |
| 8:52 | Build | Mining Camp |
| 9:15 | Build | House |
| 9:28 | Create | Villager (Male) |
| 9:29 | Create | Villager (Male) |
| 9:52 | Build | Farm |
| 10:02 | Create | Villager (Male) |
| 10:17 | Build | Farm |
| 10:23 | Build | Farm |
| 10:25 | Create | Villager (Male) |
| 10:36 | Build | Farm |
| 10:39 | Build | Farm |
| 10:44 | Build | Farm |
| 10:56 | Build | Farm |
| 10:57 | Age | Feudal Age |
| 11:17 | Build | Market |
| 11:37 | Build | Farm |
| 11:41 | Build | Farm |
| 12:09 | Create | Villager (Male) |
| 12:40 | Build | Blacksmith |
| 12:45 | Create | Villager (Male) |
| 13:23 | Research | Castle Age |
| 13:24 | Research | Castle Age |
| 13:27 | Research | Double-Bit Axe |
| 13:30 | Research | Horse Collar |
| 13:44 | Create | Villager (Male) |
| 14:09 | Build | House |
| 15:37 | Create | Villager (Male) |
| 15:55 | Build | Stone Wall |
| 16:08 | Age | Castle Age |
| 16:10 | Build | House |
| 16:14 | Build | Stone Wall |
| 16:29 | Build | House |
| 16:30 | Create | Villager (Male) |
| 16:57 | Create | Villager (Male) |
| 17:05 | Build | Building 487 |
| 17:07 | Build | House |
| 17:13 | Create | Villager (Male) |
| 17:37 | Create | Villager (Male) |
| 17:38 | Research | Bow Saw |
| 17:43 | Research | Loom |
| 17:46 | Build | Castle |
| 18:04 | Create | Villager (Male) |
| 18:19 | Research | Fletching |
| 18:31 | Build | House |
| 18:33 | Build | House |
| 19:03 | Create | Villager (Male) |
| 19:19 | Create | Villager (Male) |
| 19:26 | Build | Farm |
| 19:26 | Build | Farm |
| 19:26 | Build | Farm |
| 19:26 | Build | Farm |
| 19:29 | Create | Villager (Male) |
| 19:36 | Build | Mining Camp |
| 19:50 | Build | House |
| 19:58 | Build | House |
| 20:05 | Build | Stone Wall |
| 20:09 | Build | House |
| 20:11 | Create | Villager (Male) |
| 20:16 | Research | Town Watch |
| 20:19 | Research | Heavy Plow |
| 20:32 | Create | Villager (Male) |
| 20:36 | Build | House |
| 20:39 | Build | House |
| 20:42 | Build | House |
| 20:48 | Create | Villager (Male) |
| 21:03 | Research | Stone Mining |
| 21:20 | Create | Villager (Male) |
| 21:33 | Build | Stone Wall |
| 21:38 | Build | Building 487 |
| 21:42 | Create | Teutonic Knight |
| 21:43 | Create | Teutonic Knight |
| 21:54 | Create | Villager (Male) |
| 22:03 | Build | Lumber Camp |
| 22:11 | Create | Teutonic Knight |
| 22:18 | Create | Villager (Male) |
| 22:44 | Build | House |
| 22:49 | Build | Stone Wall |
| 22:54 | Create | Villager (Male) |
| 22:56 | Research | Bodkin Arrow |
| 23:06 | Build | Farm |
| 23:12 | Create | Villager (Male) |
| 23:16 | Create | Teutonic Knight |
| 23:28 | Build | Farm |
| 23:30 | Build | Farm |
| 23:32 | Build | Farm |
| 23:33 | Build | Farm |
| 23:36 | Build | Farm |
| 23:40 | Build | Farm |
| 23:41 | Build | Farm |
| 23:47 | Create | Villager (Male) |
| 23:51 | Create | Villager (Male) |
| 23:55 | Research | Wheelbarrow |
| 23:59 | Build | Farm |
| 24:01 | Build | Farm |
| 24:19 | Create | Villager (Male) |
| 24:20 | Research | Forging |
| 24:39 | Create | Teutonic Knight |
| 24:39 | Create | Teutonic Knight |
| 24:57 | Create | Villager (Male) |
| 24:58 | Create | Villager (Male) |
| 24:58 | Create | Villager (Male) |
| 25:01 | Build | Farm |
Build order — CQ.SeMuR III el conquistador
First 150 of 160 actions detected
| 0:01 | Create | Villager (Male) |
| 0:01 | Create | Villager (Male) |
| 0:01 | Create | Villager (Male) |
| 0:02 | Build | House |
| 0:03 | Build | House |
| 0:09 | Create | Villager (Male) |
| 0:09 | Create | Villager (Male) |
| 1:28 | Create | Villager (Male) |
| 1:28 | Create | Villager (Male) |
| 1:48 | Build | Lumber Camp |
| 1:59 | Create | Villager (Male) |
| 2:00 | Create | Villager (Male) |
| 2:24 | Create | Villager (Male) |
| 2:24 | Create | Villager (Male) |
| 2:46 | Create | Villager (Male) |
| 2:46 | Create | Villager (Male) |
| 3:13 | Create | Villager (Male) |
| 3:34 | Build | House |
| 3:36 | Build | House |
| 3:40 | Create | Villager (Male) |
| 3:40 | Create | Villager (Male) |
| 3:40 | Create | Villager (Male) |
| 4:20 | Create | Villager (Male) |
| 4:20 | Create | Villager (Male) |
| 4:20 | Create | Villager (Male) |
| 4:38 | Build | Mill |
| 4:52 | Create | Villager (Male) |
| 4:59 | Create | Villager (Male) |
| 4:59 | Create | Villager (Male) |
| 5:46 | Create | Villager (Male) |
| 5:46 | Create | Villager (Male) |
| 5:46 | Create | Villager (Male) |
| 6:00 | Create | Villager (Male) |
| 6:00 | Create | Villager (Male) |
| 6:37 | Create | Villager (Male) |
| 6:37 | Create | Villager (Male) |
| 6:50 | Build | Mill |
| 7:30 | Create | Villager (Male) |
| 8:18 | Research | Feudal Age |
| 8:18 | Research | Feudal Age |
| 8:33 | Build | Mining Camp |
| 9:30 | Build | House |
| 9:31 | Build | Palisade Wall |
| 9:53 | Create | Villager (Male) |
| 9:53 | Research | Loom |
| 10:31 | Age | Feudal Age |
| 10:41 | Build | Market |
| 10:48 | Build | Blacksmith |
| 11:32 | Research | Castle Age |
| 11:32 | Research | Castle Age |
| 12:04 | Build | Barracks |
| 12:43 | Create | Spearman |
| 12:56 | Build | House |
| 13:04 | Create | Villager (Male) |
| 13:04 | Create | Villager (Male) |
| 13:21 | Create | Spearman |
| 14:09 | Create | Spearman |
| 14:12 | Age | Castle Age |
| 14:16 | Build | Siege Workshop |
| 14:18 | Build | Monastery |
| 14:22 | Build | Monastery |
| 14:36 | Create | Villager (Male) |
| 15:07 | Create | Battering Ram |
| 15:08 | Create | Monk |
| 15:12 | Create | Monk |
| 15:21 | Build | Monastery |
| 15:26 | Create | Villager (Male) |
| 15:36 | Build | House |
| 15:40 | Create | Villager (Male) |
| 15:51 | Research | Sanctity |
| 15:54 | Create | Monk |
| 15:56 | Build | House |
| 16:21 | Create | Villager (Male) |
| 16:35 | Build | Farm |
| 16:35 | Build | Farm |
| 16:35 | Build | Farm |
| 16:35 | Build | Farm |
| 16:36 | Build | Farm |
| 16:43 | Research | Redemption |
| 16:52 | Create | Monk |
| 16:53 | Build | House |
| 17:16 | Create | Monk |
| 17:16 | Create | Monk |
| 17:20 | Build | House |
| 17:23 | Create | Scorpion |
| 17:51 | Create | Monk |
| 17:59 | Create | Monk |
| 18:01 | Create | Villager (Male) |
| 18:04 | Build | Farm |
| 18:22 | Create | Monk |
| 18:23 | Create | Monk |
| 18:32 | Research | Fervor |
| 18:32 | Research | Fervor |
| 18:33 | Create | Villager (Male) |
| 18:33 | Create | Villager (Male) |
| 18:44 | Create | Battering Ram |
| 18:50 | Build | Farm |
| 18:54 | Build | House |
| 18:55 | Build | House |
| 18:56 | Create | Villager (Male) |
| 18:57 | Create | Villager (Male) |
| 19:07 | Build | Outpost |
| 19:08 | Build | Outpost |
| 19:11 | Create | Spearman |
| 19:20 | Create | Scorpion |
| 19:33 | Create | Monk |
| 19:33 | Create | Monk |
| 19:35 | Build | Outpost |
| 19:41 | Create | Villager (Male) |
| 20:02 | Create | Villager (Male) |
| 20:07 | Create | Scorpion |
| 20:26 | Create | Villager (Male) |
| 20:32 | Create | Scorpion |
| 20:35 | Create | Monk |
| 20:40 | Create | Villager (Male) |
| 20:55 | Create | Villager (Male) |
| 20:56 | Create | Villager (Male) |
| 21:11 | Build | House |
| 21:24 | Build | Town Center |
| 21:24 | Create | Villager (Male) |
| 21:29 | Create | Monk |
| 21:38 | Build | Mining Camp |
| 21:48 | Create | Villager (Male) |
| 21:59 | Create | Villager (Male) |
| 22:09 | Create | Spearman |
| 22:12 | Create | Villager (Male) |
| 22:24 | Create | Villager (Male) |
| 22:38 | Create | Monk |
| 22:38 | Create | Villager (Male) |
| 22:54 | Research | Pikeman (upgrade) |
| 22:54 | Research | Pikeman (upgrade) |
| 22:55 | Create | Spearman |
| 23:25 | Create | Villager (Male) |
| 23:30 | Create | Spearman |
| 23:30 | Create | Spearman |
| 23:30 | Create | Spearman |
| 23:30 | Create | Spearman |
| 23:34 | Build | House |
| 23:34 | Build | House |
| 23:46 | Create | Spearman |
| 24:01 | Create | Villager (Male) |
| 24:06 | Create | Monk |
| 24:19 | Create | Villager (Male) |
| 24:44 | Create | Spearman |
| 24:49 | Create | Scorpion |
| 24:52 | Create | Villager (Male) |
| 24:55 | Create | Monk |
| 24:55 | Create | Monk |
| 24:55 | Create | Monk |
| 25:22 | Create | Scorpion |
Build order — Lanyard
First 150 of 178 actions detected
| 0:00 | Create | Villager (Male) |
| 0:02 | Build | House |
| 0:04 | Build | House |
| 0:15 | Create | Villager (Male) ×3 |
| 1:34 | Create | Villager (Male) |
| 1:35 | Create | Villager (Male) |
| 2:13 | Create | Villager (Male) |
| 2:13 | Create | Villager (Male) |
| 2:17 | Build | Lumber Camp |
| 2:25 | Create | Villager (Male) |
| 2:25 | Create | Villager (Male) |
| 2:55 | Create | Villager (Male) |
| 2:56 | Create | Villager (Male) |
| 2:56 | Create | Villager (Male) |
| 3:40 | Create | Villager (Male) |
| 3:40 | Create | Villager (Male) |
| 3:41 | Create | Villager (Male) |
| 4:08 | Build | House |
| 4:17 | Create | Villager (Male) |
| 4:52 | Build | Mill |
| 4:57 | Create | Villager (Male) |
| 4:57 | Create | Villager (Male) |
| 5:31 | Create | Villager (Male) |
| 5:31 | Create | Villager (Male) |
| 5:31 | Create | Villager (Male) |
| 5:31 | Create | Villager (Male) |
| 6:34 | Create | Villager (Male) |
| 7:18 | Create | Villager (Male) |
| 7:42 | Create | Villager (Male) |
| 8:10 | Build | Mining Camp |
| 8:29 | Research | Feudal Age |
| 8:38 | Create | Villager (Male) |
| 8:38 | Create | Villager (Male) |
| 9:47 | Build | Mill |
| 10:03 | Build | House |
| 10:33 | Build | House |
| 10:39 | Age | Feudal Age |
| 10:41 | Build | Market |
| 10:43 | Build | Blacksmith |
| 11:49 | Research | Castle Age |
| 12:27 | Create | Villager (Male) |
| 12:32 | Research | Horse Collar |
| 12:43 | Research | Double-Bit Axe |
| 12:50 | Research | Horse Collar |
| 13:05 | Create | Villager (Male) |
| 13:12 | Build | Farm |
| 14:00 | Build | Farm |
| 14:01 | Build | Farm |
| 14:04 | Build | Farm |
| 14:08 | Build | Farm |
| 14:11 | Build | Farm |
| 14:12 | Build | Farm |
| 14:29 | Age | Castle Age |
| 14:33 | Build | Town Center |
| 14:39 | Create | Villager (Male) |
| 14:43 | Research | Bow Saw |
| 15:09 | Create | Villager (Male) |
| 15:26 | Create | Villager (Male) |
| 15:27 | Create | Villager (Male) |
| 15:35 | Build | Town Center |
| 15:42 | Create | Villager (Male) |
| 15:48 | Build | Farm |
| 16:16 | Create | Villager (Male) |
| 16:16 | Create | Villager (Male) |
| 16:16 | Create | Villager (Male) |
| 16:30 | Build | Farm |
| 16:30 | Build | Farm |
| 16:30 | Build | Farm |
| 16:31 | Build | Farm |
| 16:31 | Build | Farm |
| 16:31 | Build | Farm |
| 16:58 | Research | Heavy Plow |
| 17:03 | Create | Villager (Male) |
| 17:04 | Create | Villager (Male) |
| 17:04 | Create | Villager (Male) |
| 17:18 | Create | Villager (Male) |
| 17:19 | Create | Villager (Male) |
| 17:24 | Build | Farm |
| 17:29 | Build | Farm |
| 17:32 | Build | Farm |
| 17:43 | Create | Villager (Male) |
| 17:44 | Create | Villager (Male) |
| 17:50 | Create | Villager (Male) |
| 17:50 | Create | Villager (Male) |
| 17:50 | Create | Villager (Male) |
| 18:01 | Build | Barracks |
| 18:06 | Build | Palisade Wall |
| 18:11 | Create | Villager (Male) |
| 18:12 | Create | Villager (Male) |
| 18:20 | Research | Wheelbarrow |
| 18:21 | Create | Villager (Male) |
| 18:21 | Create | Villager (Male) |
| 18:38 | Build | Siege Workshop |
| 18:41 | Create | Villager (Male) |
| 18:41 | Create | Villager (Male) |
| 18:45 | Build | House |
| 18:48 | Build | House |
| 18:55 | Build | Stable |
| 19:08 | Create | Scorpion |
| 19:10 | Create | Villager (Male) |
| 19:10 | Create | Villager (Male) |
| 19:15 | Build | House |
| 19:19 | Build | House |
| 19:23 | Build | House |
| 19:39 | Build | Lumber Camp |
| 19:45 | Create | Villager (Male) |
| 19:50 | Create | Villager (Male) |
| 19:51 | Create | Villager (Male) |
| 19:51 | Create | Villager (Male) |
| 19:59 | Create | Scorpion |
| 20:06 | Create | Villager (Male) |
| 20:07 | Create | Villager (Male) |
| 20:20 | Create | Villager (Male) |
| 20:20 | Create | Villager (Male) |
| 20:26 | Research | Loom |
| 20:31 | Create | Villager (Male) |
| 20:40 | Build | Stable |
| 20:42 | Research | Light Cavalry (upgrade) |
| 20:50 | Build | House |
| 21:01 | Create | Scout Cavalry |
| 21:01 | Create | Scout Cavalry |
| 21:10 | Build | Mill |
| 21:13 | Build | Farm |
| 21:13 | Build | Farm |
| 21:13 | Build | Farm |
| 21:14 | Build | Farm |
| 21:14 | Build | Farm |
| 21:14 | Build | Farm |
| 21:14 | Build | Farm |
| 21:15 | Build | Farm |
| 21:17 | Create | Villager (Male) ×2 |
| 21:31 | Create | Scout Cavalry |
| 21:31 | Create | Scout Cavalry |
| 21:38 | Create | Villager (Male) |
| 21:38 | Create | Villager (Male) |
| 21:55 | Build | Farm |
| 21:56 | Build | Farm |
| 21:56 | Build | Farm |
| 22:00 | Create | Scout Cavalry |
| 22:00 | Create | Scout Cavalry |
| 22:05 | Research | Forging |
| 22:09 | Create | Villager (Male) |
| 22:10 | Create | Villager (Male) |
| 22:10 | Create | Villager (Male) |
| 22:25 | Research | Bloodlines |
| 22:26 | Create | Villager (Male) |
| 22:26 | Create | Villager (Male) |
| 22:39 | Build | Mill |
| 22:42 | Build | Farm |
| 22:42 | Build | Farm |
Build order — Cocaina Man
123 actions detected in the replay
| 0:01 | Create | Villager (Male) |
| 0:02 | Create | Villager (Male) |
| 0:02 | Create | Villager (Male) |
| 0:02 | Create | Villager (Male) |
| 0:03 | Build | House |
| 0:04 | Build | House |
| 1:27 | Create | Villager (Male) |
| 1:52 | Build | Lumber Camp |
| 2:00 | Create | Villager (Male) |
| 2:22 | Create | Villager (Male) |
| 2:50 | Create | Villager (Male) |
| 2:51 | Create | Villager (Male) |
| 2:51 | Create | Villager (Male) |
| 3:16 | Create | Villager (Male) |
| 3:28 | Build | House |
| 3:41 | Create | Villager (Male) |
| 3:41 | Create | Villager (Male) |
| 3:42 | Create | Villager (Male) |
| 4:23 | Create | Villager (Male) |
| 4:24 | Create | Villager (Male) |
| 4:27 | Research | Loom |
| 4:33 | Build | Mill |
| 5:24 | Create | Villager (Male) |
| 5:28 | Create | Villager (Male) |
| 5:53 | Create | Villager (Male) |
| 5:54 | Create | Villager (Male) |
| 6:08 | Create | Villager (Male) |
| 6:15 | Create | Villager (Male) |
| 6:23 | Build | House |
| 6:25 | Create | Villager (Male) |
| 7:23 | Create | Villager (Male) |
| 7:43 | Create | Villager (Male) |
| 8:01 | Build | Mining Camp |
| 8:11 | Create | Villager (Male) |
| 8:27 | Build | Farm |
| 8:33 | Build | Farm |
| 8:42 | Build | Farm |
| 8:46 | Create | Villager (Male) |
| 8:49 | Build | Mining Camp |
| 9:12 | Research | Feudal Age |
| 10:01 | Build | Mill |
| 10:10 | Build | Mill |
| 11:32 | Create | Villager (Male) |
| 11:32 | Create | Villager (Male) |
| 11:44 | Age | Feudal Age |
| 11:47 | Build | Market |
| 11:48 | Build | Blacksmith |
| 11:52 | Research | Town Watch |
| 11:58 | Build | House |
| 12:20 | Create | Villager (Male) |
| 12:50 | Research | Castle Age |
| 12:50 | Research | Castle Age |
| 12:50 | Research | Castle Age |
| 13:22 | Research | Double-Bit Axe |
| 15:30 | Age | Castle Age |
| 15:35 | Build | Castle |
| 16:25 | Create | Villager (Male) |
| 16:31 | Build | Farm |
| 16:33 | Build | Farm |
| 16:34 | Build | Farm |
| 16:36 | Build | Farm |
| 16:37 | Build | Farm |
| 16:43 | Create | Villager (Male) |
| 16:56 | Build | Mining Camp |
| 16:59 | Build | Siege Workshop |
| 17:06 | Build | Farm |
| 17:07 | Create | Villager (Male) |
| 17:08 | Create | Villager (Male) |
| 17:11 | Create | Throwing Axeman |
| 17:11 | Create | Throwing Axeman |
| 17:19 | Create | Villager (Male) |
| 17:23 | Build | Farm |
| 17:24 | Create | Villager (Male) |
| 17:24 | Create | Villager (Male) |
| 17:33 | Create | Throwing Axeman |
| 17:52 | Build | Farm |
| 18:03 | Create | Throwing Axeman |
| 18:13 | Create | Villager (Male) |
| 18:33 | Create | Mangonel |
| 18:35 | Create | Villager (Male) |
| 18:35 | Create | Villager (Male) |
| 18:56 | Create | Villager (Male) |
| 18:56 | Create | Villager (Male) |
| 19:10 | Create | Throwing Axeman |
| 19:10 | Create | Throwing Axeman |
| 19:10 | Create | Throwing Axeman |
| 19:28 | Create | Throwing Axeman |
| 19:28 | Create | Throwing Axeman |
| 19:39 | Build | Farm |
| 19:40 | Build | Farm |
| 19:40 | Build | Farm |
| 19:41 | Build | Farm |
| 19:52 | Create | Villager (Male) |
| 19:52 | Create | Villager (Male) |
| 19:52 | Create | Villager (Male) |
| 20:11 | Create | Villager (Male) |
| 20:16 | Build | Mill |
| 20:17 | Create | Villager (Male) |
| 20:30 | Create | Villager (Male) |
| 20:31 | Create | Villager (Male) |
| 21:01 | Create | Villager (Male) |
| 21:22 | Create | Battering Ram |
| 21:31 | Create | Villager (Male) |
| 21:45 | Create | Villager (Male) |
| 21:53 | Create | Battering Ram |
| 22:07 | Create | Mangonel |
| 22:14 | Create | Villager (Male) |
| 22:17 | Research | Fletching |
| 23:06 | Create | Villager (Male) |
| 24:44 | Research | Imperial Age |
| 24:44 | Research | Imperial Age |
| 25:30 | Create | Villager (Male) |
| 25:37 | Create | Throwing Axeman |
| 25:38 | Create | Throwing Axeman |
| 25:41 | Build | Siege Workshop |
| 25:45 | Build | University |
| 26:06 | Create | Villager (Male) |
| 26:13 | Create | Throwing Axeman |
| 26:13 | Create | Throwing Axeman |
| 26:14 | Create | Throwing Axeman |
| 26:21 | Build | Barracks |
| 26:23 | Create | Villager (Male) |
| 26:29 | Build | Lumber Camp |
Match timeline
| 9:31 | CQ.SeMuR III el conquistador · wall_segment Palisade Wall x1 |
| 10:31 | CQ.SeMuR III el conquistador · age_up feudal |
| 10:39 | Lanyard · age_up feudal |
| 10:57 | Bill Flounder · age_up feudal |
| 11:44 | Cocaina Man · age_up feudal |
| 12:04 | CQ.SeMuR III el conquistador · first_building Barracks |
| 14:12 | CQ.SeMuR III el conquistador · age_up castle |
| 14:16 | CQ.SeMuR III el conquistador · first_building Siege Workshop |
| 14:18 | CQ.SeMuR III el conquistador · first_building Monastery |
| 14:29 | Lanyard · age_up castle |
| 15:30 | Cocaina Man · age_up castle |
| 15:35 | Cocaina Man · first_building Castle |
| 15:55 | Bill Flounder · wall_segment Stone Wall x2 |
| 16:08 | Bill Flounder · age_up castle |
| 16:14 | Bill Flounder · wall_segment Stone Wall x1 |
| 16:40 | Bill Flounder · first_market_sell 100 food |
| 16:44 | Bill Flounder · first_market_buy 100 stone |
| 16:47 | CQ.SeMuR III el conquistador · first_market_sell 100 wood |
| 16:57 | Lanyard · first_market_buy 100 food |
| 16:59 | Cocaina Man · first_building Siege Workshop |
| 17:46 | Bill Flounder · first_building Castle |
| 18:01 | Lanyard · first_building Barracks |
| 18:06 | Lanyard · wall_segment Palisade Wall x1 |
| 18:30 | Cocaina Man · first_market_sell 100 food |
| 18:38 | Lanyard · first_building Siege Workshop |
| 18:55 | Lanyard · first_building Stable |
| 19:05 | Lanyard · first_market_sell 100 food |
| 20:05 | Bill Flounder · wall_segment Stone Wall x1 |
| 21:20 | CQ.SeMuR III el conquistador · first_market_buy 100 stone |
| 21:33 | Bill Flounder · wall_segment Stone Wall x7 |
| 22:49 | Bill Flounder · wall_segment Stone Wall x1 |
| 25:49 | Lanyard · resign |
| 26:21 | Cocaina Man · first_building Barracks |
[ AI ANALYSIS · 1 CREDIT ]
What really happened in this match?
Wolo.gg analyzes every decision: build order, eco, micro, common mistakes by bracket. Personalized analysis on WhatsApp or Discord in 30 seconds.
Civ guide
Teutons
Perfil
Jugador #2879731